 Dungeon Crawl Stone Soup version 0.31.0-32-g396128a36d (webtiles) character file.

Game seed: 2516484634725672843

126 PaiMei the Gusty (level 5, -1/30 HPs)
             Began as a Tengu Air Elementalist on Mar 15, 2024.
             Killed from afar by Ijyb (4 damage)
             ... with a bolt of dispelling energy
             ... on level 3 of the Dungeon.
             The game lasted 00:04:20 (2350 turns).

PaiMei the Gusty (Tengu Air Elementalist)           Turns: 2350, Time: 00:04:21

Health: -1/30      AC:  4    Str:  9    XL:     5   Next: 9%
Magic:  7/10       EV: 13    Int: 17    God:
Gold:   85         SH:  0    Dex: 14    Spells: 6/9 levels left

rFire   . . .        k - +2 short sword (freeze)
rCold   . . .        (no shield)
rNeg    . . .        a - +0 robe
rPois   .            (helmet restricted)
rElec   .            j - +1 cloak {Will+}
rCorr   .            (no gloves)
SInv    .            (boots unavailable)
Will    +....        g - amulet of magic regeneration
Stlth   ++           (no ring)
HPRegen 0.25/turn    (no ring)
MPRegen 0.52/turn

%: acrobat
@: no status effects
A: beak, talons 3, acrobatic
a: no special abilities


You were on level 3 of the Dungeon.
You visited 1 branch of the dungeon, and saw 3 of its levels.

You collected 85 gold pieces.

Inventory:

Hand Weapons
 k - a +2 short sword of freezing (weapon)
 q - a +1 dagger of venom
Missiles
 p - 6 poisoned darts
Armour
 a - a +0 robe (worn)
 h - a +0 buckler
 j - a +1 cloak of willpower (worn)
Jewellery
 g - an amulet of magic regeneration (around neck)
Wands
 m - a wand of digging (8)
Scrolls
 c - a scroll of amnesia {unknown}
 f - 2 scrolls of identify {unknown}
 n - a scroll of fear {unknown}
 o - a scroll of teleportation {unknown}
Potions
 b - a potion of magic
 d - 2 potions of resistance {unknown}
 e - a potion of haste {unknown}
 i - a potion of might {unknown}
 l - 2 potions of berserk rage {unknown}


   Skills:
 + Level 1.8 Fighting
 + Level 3.3 Dodging
 - Level 2.1 Stealth
 + Level 2.8 Spellcasting
 - Level 1.7 Conjurations
 + Level 5.0 Air Magic


You had 6 spell levels left.
You knew the following spells:

 Your Spells              Type           Power      Damage    Failure   Level
a - Shock                 Conj/Air       52%        1d6       4%          1
b - Static Discharge      Conj/Air       26%        3-5/arc   7%          2

Your spell library contained the following spells:

 Spells                   Type           Power      Damage    Failure   Level
 Swiftness                Air            19%        N/A       7%          3
 Airstrike                Air            9%         2d(2-18)  22%         4
 Lesser Beckoning         Tloc           4%         N/A       26%         2
 Gell's Gravitas          Tloc           2%         N/A       47%         3
 Teleport Other           Tloc           2%         N/A       47%         3
 Summon Lightning Spire   Summ/Air       10%        N/A       54%         4
 Dispersal                Tloc           1%         N/A       100%        6


Dungeon Overview and Level Annotations

Branches:
Dungeon (3/15)

Altars:

Shops:
D:3 (

Annotations:
D:3 Ijyb


Innate Abilities, Weirdness & Mutations

You have a beak for a mouth.
You have claws for feet.
You can magically evade attacks while moving or waiting.


Message History

Press: ? - help, Shift-Dir - straight line, f/p - Ijyb
Aim: Ijyb, wielding a +0 dagger, wearing a +1 leather armour of fire resistance and carrying a wand of quicksilver (60% to hit)
The zap hits Ijyb.
Ijyb is lightly wounded.
Ijyb completely misses you.
Casting: Shock (safe; 4% risk of failure)
Confirm with . or Enter, or press ? or * to list all spells.
Aiming: Shock (safe; 4% risk of failure)
Press: ? - help, Shift-Dir - straight line, f/p - Ijyb
Aim: Ijyb, wielding a +0 dagger, wearing a +1 leather armour of fire resistance and carrying a wand of quicksilver (lightly wounded, 60% to hit)
The zap hits Ijyb.
Ijyb is moderately wounded.
Ijyb completely misses you.
Casting: Shock (safe; 4% risk of failure)
Confirm with . or Enter, or press ? or * to list all spells.
Aiming: Shock (safe; 4% risk of failure)
Press: ? - help, Shift-Dir - straight line, f/p - Ijyb
Aim: Ijyb, wielding a +0 dagger, wearing a +1 leather armour of fire resistance and carrying a wand of quicksilver (moderately wounded, 60% to hit)
The zap hits Ijyb.
Ijyb is heavily wounded.
Ijyb zaps a wand.
The bolt of dispelling energy hits you!
Ouch! That really hurt!
* * * LOW HITPOINT WARNING * * *
Casting: Shock (safe; 4% risk of failure)
Confirm with . or Enter, or press ? or * to list all spells.
Aiming: Shock (safe; 4% risk of failure)
Press: ? - help, Shift-Dir - straight line, f/p - Ijyb
Aim: Ijyb, wielding a +0 dagger, wearing a +1 leather armour of fire resistance and carrying a wand of quicksilver (heavily wounded, 60% to hit)
The zap hits Ijyb.
Ijyb is heavily wounded.
Ijyb hits you but does no damage.
Casting: Shock (safe; 4% risk of failure)
Confirm with . or Enter, or press ? or * to list all spells.
Aiming: Shock (safe; 4% risk of failure)
Press: ? - help, Shift-Dir - straight line, f/p - Ijyb
Aim: Ijyb, wielding a +0 dagger, wearing a +1 leather armour of fire resistance and carrying a wand of quicksilver (heavily wounded, 60% to hit)
The zap hits Ijyb.
Ijyb is severely wounded.
Ijyb zaps a wand.
The bolt of dispelling energy hits you.
You die...

###########
...>......#
#....g@..############
#.#####.............#
##..####.####.# #..#
#.# #.# #..# ##.# #.#
#..# #..# #.#
##..###.## #.#
....##...####.#
##...........#


You could see Ijyb.

Vanquished Creatures
  4 adders
  6 dart slugs
  3 ribbon worms
  5 bats
  8 endoplasms
  3 giant cockroaches
  6 hobgoblins
  3 jackals (D:1)
  3 quokkas
  8 ball pythons
  4 frilled lizards
  3 goblins
  7 kobolds
  9 rats
72 creatures vanquished.

Notes
Turn   | Place    | Note
-------+----------+-------------------------------------------
     0 | D:1      | PaiMei the Tengu Air Elementalist began the quest for the
                  | Orb.
     0 | D:1      | Reached XP level 1. HP: 10/10 MP: 4/4
   182 | D:1      | Reached XP level 2. HP: 15/15 MP: 1/6
   879 | D:1      | Reached XP level 3. HP: 20/20 MP: 5/7
  1017 | D:1      | Reached skill level 1 in Fighting
  1238 | D:1      | Learned a level 2 spell: Static Discharge
  1441 | D:2      | Reached XP level 4. HP: 25/25 MP: 4/8
  2165 | D:3      | Reached XP level 5. HP: 30/30 MP: 7/10
  2173 | D:3      | Found Ximuafua's Weapon Emporium.
  2271 | D:3      | Reached skill level 5 in Air Magic
  2341 | D:3      | Noticed Ijyb
  2350 | D:3      | Killed from afar by Ijyb

Illustrated notes

Levels and vault maps discovered:
D:1:      beargit_arrival_greenhouse, layout_loops_corners, serial_aquarium,
          aquarium_bridge_square [aquarium_subvault_bridge,
          aquarium_subvault_balcony, aquarium_subvault_window,
          aquarium_subvault_wall], aquarium_bridge_square
          [aquarium_subvault_bridge, aquarium_subvault_wall,
          aquarium_subvault_wall, aquarium_subvault_balcony],
          aquarium_window_corner, aquarium_window_fake, aquarium_window_corner,
          aquarium_window_1, aquarium_view_2a, amcnicky_mini_corridor_feature,
          nicolae_wormholes
D:2:      layout_basic, minmay_3d_cube
D:3:      layout_loops_ring, serial_shops, shop, chequers_hall_statues_y,
          uniq_sigmund, uniq_ijyb, uniq_crazy_yiuf_cottage

Skill      XL: |  1  2  3  4  5 |
---------------+----------------+-----
Fighting       | 1 |  1.8
Dodging        | 3 |  3.3
Air Magic      | 5 |  5.0
Stealth        | |  2.1
Spellcasting   | |  2.8
Conjurations   | |  1.7

Action                     |  1- 3 |  4- 6 || total
---------------------------+-------+-------++-------
  Melee: Unarmed           |     8 |       ||     8
         Kick              |     6 |     1 ||     7
         Short sword       |     8 |     6 ||    14
   Cast: Shock             |    93 |    61 ||   154
 Armour: Robe              |     9 |    12 ||    21
  Dodge: Dodged            |    20 |    18 ||    38
